 Dungeon Crawl Stone Soup version 0.24.0-125-gc4c63601f3 (webtiles) character file.

Game seed: 5941121847548962481, levelgen mode: deterministic

18445 Peloso the Carver (level 12, -2/107 HPs)
             Began as a Minotaur Fighter on Mar 21, 2020.
             Was a High Priest of Okawaru.
             Slain by a four-headed hydra (10 damage)
             ... on level 2 of the Lair of Beasts.
             The game lasted 00:39:14 (14841 turns).

Peloso the Carver (Minotaur Fighter)               Turns: 14841, Time: 00:39:15

Health: -2/107     AC: 23    Str: 23    XL:     12   Next: 27%
Magic:  12/13      EV: 14    Int:  7    God:    Okawaru [*****.]
Gold:   830        SH:  9    Dex: 15    Spells: 11/11 levels left

rFire    + + +     SeeInvis .   b - +2 whip (flame)
rCold    + + .     Gourm    .   c - +0 buckler of Cetrompoh {rF++ rC+ MR-}
rNeg     . . .     Faith    .   C - +8 chain mail of Disguise {rElec MR+ Int+2}
rPois    +         Spirit   .   (helmet restricted)
rElec    +         Reflect  .   n - scarf {rC+ rF+}
rCorr    +         Harm     .   s - +0 pair of gloves
MR       .....                  (no boots)
Stlth    ..........             (no amulet)
HPRegen  0.27/turn              J - ring of resist corrosion
MPRegen  0.13/turn              Q - ring of poison resistance

@: heroism, slowed, very slow
A: retaliatory headbutt, horns 2, agile 1, high mp 1
a: Heroism, Finesse, Renounce Religion


You were on level 2 of the Lair of Beasts.
You worshipped Okawaru.
Okawaru was extremely pleased with you.
You were not hungry.

You visited 2 branches of the dungeon, and saw 13 of its levels.
You also visited: Bailey.

You collected 1026 gold pieces.
You spent 196 gold pieces at shops.

Inventory:

Hand Weapons
 a - a +3 long sword of freezing
 b - a +2 whip of flaming (weapon)
Armour
 c - the +0 buckler of Cetrompoh (worn) {rF++ rC+ MR-}
   (Okawaru gifted it to you on level 11 of the Dungeon)

   It greatly protects you from fire.
   It protects you from cold.
   It affects your resistance to hostile enchantments.
 n - a scarf of resistance (worn)
 s - a +0 pair of gloves (worn)
 C - the +8 chain mail of Disguise (worn) {rElec MR+ Int+2}
   (You found it in a bailey)

   It affects your intelligence (+2).
   It insulates you from electricity.
   It affects your resistance to hostile enchantments.
Jewellery
 g - an uncursed ring of protection from magic
 E - a +3 ring of protection
 J - a ring of resist corrosion (left hand)
 Q - a ring of poison resistance (right hand)
Wands
 K - a wand of digging (3)
Scrolls
 e - 2 scrolls of identify
 i - 2 scrolls of remove curse
 m - 5 scrolls of magic mapping
 t - 7 scrolls of teleportation
 u - 3 scrolls of blinking
 A - a scroll of summoning
 M - 2 scrolls of fear
 P - a scroll of enchant armour {unknown}
Potions
 d - 4 potions of might
 j - 8 potions of curing
 l - 2 potions of heal wounds
 r - 3 potions of flight
 x - 2 potions of haste
 z - a potion of agility
 I - a potion of brilliance
 O - 2 potions of degeneration
Comestibles
 f - 24 rations
 h - 5 chunks of flesh


   Skills:
 + Level 10.5(15.5) Fighting
 + Level 13.9(18.9) Long Blades
 + Level 10.7(15.7) Armour
 + Level 4.3(9.3) Dodging
 + Level 1.4(6.4) Stealth
 + Level 12.8(17.8) Shields
 + Level 1.4 Invocations
 + Level 0.3 Evocations


You had 11 spell levels left.
You didn't know any spells.
Your spell library contained the following spells:

 Spells                   Type           Power        Failure   Level  Hunger
 Animate Skeleton         Necr           N/A          89%         1    ##.....
 Confusing Touch          Hex            #.....       89%         1    ##.....
 Corona                   Hex            #......      89%         1    ##.....
 Freeze                   Ice            #...         89%         1    ##.....
 Pain                     Necr           #...         89%         1    ##.....
 Summon Small Mammal      Summ           #...         89%         1    ##.....
 Call Imp                 Summ           #.......     96%         2    ###....
 Ensorcelled Hibernation  Hex/Ice        #.....       96%         2    ###....
 Throw Frost              Conj/Ice       #.....       96%         2    ###....
 Call Canine Familiar     Summ           #.......     99%         3    ####...
 Confuse                  Hex            #.......     99%         3    ####...
 Dazzling Spray           Conj/Hex       #.....       99%         3    ####...
 Gell's Gravitas          Tloc           #.........   99%         3    ####...
 Ozocubu's Armour         Chrm/Ice       #.......     99%         3    ####...
 Regeneration             Chrm/Necr      #.........   99%         3    ####...
 Summon Guardian Golem    Hex/Summ       #.......     99%         3    ####...
 Tukima's Dance           Hex            #.......     99%         3    ####...
 Vampiric Draining        Necr           #.........   99%         3    ####...
 Animate Dead             Necr           N/A          100%        4    #####..
 Petrify                  Tmut/Erth      #.......     100%        4    #####..
 Summon Ice Beast         Ice/Summ       #.......     100%        4    #####..
 Summon Lightning Spire   Summ/Air       #.......     100%        4    #####..
 Bolt of Magma            Conj/Fire/Erth #.........   100%        5    ######.
 Fireball                 Conj/Fire      #.........   100%        5    ######.
 Iskenderun's Battlesphe  Conj/Chrm      #.......     100%        5    ######.
 Metabolic Englaciation   Hex/Ice        #.........   100%        5    ######.
 Venom Bolt               Conj/Pois      #.........   100%        5    ######.
 Yara's Violent Unravell  Hex/Tmut       #.........   100%        5    ######.
 Bolt of Cold             Conj/Ice       #.........   100%        6    #######
 Iron Shot                Conj/Erth      #.........   100%        6    #######
 Orb of Destruction       Conj           #.........   100%        7    #######
 Spellforged Servitor     Conj/Summ      #.........   100%        7    #######


Dungeon Overview and Level Annotations

Branches:
Dungeon (11/15)            Temple (0/1) D:7            Lair (2/6) D:9
    Orc (0/2) D:11         Bailey (visited)
  Swamp: Lair:2-4    Shoals: Lair:2-4     Snake: Lair:2-4    Spider: Lair:2-4

Altars:
Ashenzari
Cheibriados
Elyvilon
Kikubaaqudgha
Nemelex Xobeh
Okawaru
Qazlal
Sif Muna
Trog
Uskayaw
Xom
The Shining One

Shops:
D:5 ?   D:7 [

Annotations:
D:8 3 runed translucent doors, 1994's ghost, novice HuSk


Innate Abilities, Weirdness & Mutations

You reflexively headbutt those who attack you in melee.
You have a pair of horns on your head.
You are agile. (Dex +2)
You have an increased reservoir of magic. (+10% MP)


Message History

The four-headed hydra barely misses you.
You block the four-headed hydra's attack.
The four-headed hydra closely misses you. x2
The four-headed hydra bites you.
You completely miss the four-headed hydra.
You headbutt the four-headed hydra!
The four-headed hydra is heavily wounded.
The dream sheep shake their wool and sparkle.
You feel drowsy...
You fall asleep.
The four-headed hydra bites you!
You wake up.
* * * LOW HITPOINT WARNING * * *
The four-headed hydra barely misses you.
The four-headed hydra bites you!
* * * LOW HITPOINT WARNING * * *
The four-headed hydra bites you!
* * * LOW HITPOINT WARNING * * *
You whack the four-headed hydra! You burn the four-headed hydra.
The four-headed hydra is heavily wounded.
The four-headed hydra bites you!
You die...

#............##P####
#............+.(....
##...........######.
#............# ##
#P...........# #
#P........... #
#............ #
###.#+P#####. #@#t##
##DYr# ##wF# ####


lYY.. ##.#. .Y..... #.... ......$ #.... #.... ....... #..... ............... You
could see a four-headed hydra, an elephant, a torpor snail, a komodo dragon, a
bullfrog, 3 dream sheep and a porcupine.

Vanquished Creatures
  A centaur warrior (D:11)
  A two-headed ogre (D:11)
  A death knight (D:11)
  2 skeletal warriors
  Pikel (D:9)
  An orc knight (Bailey)
  An ugly thing (D:11)
  Maurice (D:10)
  Joseph (D:7)
  A gargoyle (D:10)
  3 spiny frogs
  3 komodo dragons (Lair:1)
  2 freezing wraiths (D:11)
  A troll (D:10)
  A merfolk (D:10)
  A dream sheep (Lair:2)
  A hippogriff (D:9)
  Sigmund (D:6)
  A shadow (D:11)
  A vampire (D:9)
  A wyvern (D:9)
  13 yaks
  2 basilisks (Lair:1)
  Edmund (D:6)
  A steam dragon (D:11)
  2 wargs (D:9)
  2 porcupines (Lair:1)
  3 water moccasins
  2 ice beasts
  9 orc warriors
  4 slaves (D:9)
  An eye of draining (D:9)
  4 black bears
  A necrophage (D:9)
  4 ogres
  3 phantoms
  The ghost of sneaky the Conjurer, an amateur DrCj (D:3)
  5 crocodiles
  6 centaurs
  The ghost of Sysandra the Bolt Thrower, an amateur KoHu (D:3)
  6 bullfrogs
  A gnoll sergeant (D:6)
  A water moccasin skeleton (D:8)
  8 killer bees
  3 scorpions
  4 electric eels
  5 wights (D:11)
  A vampire bat (D:2)
  2 howler monkeys (D:6)
  6 jellies
  8 orc priests
  6 hounds
  18 orc wizards
  A bullfrog skeleton (D:10)
  A centaur skeleton (D:4)
  2 iguanas (D:9)
  Natasha (thrice) (D:4)
  10 worker ants
  2 hound zombies
  A howler monkey skeleton (D:9)
  14 gnolls
  12 adders
  3 oozes
  An adder skeleton (D:8)
  A worm (D:2)
  A dart slug (D:1)
  5 leopard geckos
  62 orcs
  A ball python (D:2)
  3 bat skeletons (D:2)
  3 bat zombies (D:2)
  6 giant cockroaches
  10 hobgoblins
  24 jackals
  8 quokkas
  6 bats
  9 frilled lizards
  19 goblins
  8 kobolds
  A leopard gecko skeleton (D:4)
  A quokka skeleton (D:9)
  5 rats
384 creatures vanquished.

Vanquished Creatures (others)
  A jackal (D:9)
  A bush (Lair:2)
  4 fungi
  2 plants (Lair:2)
8 creatures vanquished.

Grand Total: 392 creatures vanquished

Notes
Turn   | Place    | Note
-------+----------+-------------------------------------------
     0 | D:1      | Peloso the Minotaur Fighter began the quest for the Orb.
     0 | D:1      | Reached XP level 1. HP: 19/19 MP: 0/0
   165 | D:1      | Reached XP level 2. HP: 21/27 MP: 1/1
   178 | D:1      | Reached skill level 3 in Long Blades
   608 | D:2      | Gained mutation: You have an increased reservoir of magic.
                  | (+10% MP) [potion of mutation]
   608 | D:2      | Gained mutation: You are agile. (Dex +2) [potion of
                  | mutation]
   626 | D:2      | Reached XP level 3. HP: 33/33 MP: 2/2
   790 | D:2      | Found an ancient bone altar of Kikubaaqudgha.
   810 | D:2      | Reached XP level 4. HP: 30/40 MP: 3/3
  1552 | D:3      | Reached skill level 4 in Long Blades
  1552 | D:3      | Reached XP level 5. HP: 44/47 MP: 4/4
  1555 | D:3      | Reached skill level 1 in Dodging
  1652 | D:3      | Found a sparkling altar of Nemelex Xobeh.
  2135 | D:3      | Reached skill level 5 in Shields
  2269 | D:3      | Reached XP level 6. HP: 53/53 MP: 5/5
  2416 | D:3      | Found a runed translucent gate.
  2417 | D:3      | Found a runed translucent gate.
  2419 | D:3      | Found a runed translucent gate.
  2419 | D:3      | Noticed sneaky's ghost (amateur DrCj)
  2419 | D:3      | Noticed Sysandra's ghost (amateur KoHu)
  2510 | D:3      | Reached skill level 5 in Long Blades
  2515 | D:3      | Reached skill level 5 in Armour
  3204 | D:4      | Found a glowing golden altar of the Shining One.
  3237 | D:4      | Noticed Natasha
  3241 | D:4      | Killed Natasha
  3316 | D:4      | Noticed Natasha
  3321 | D:4      | Killed Natasha
  3321 | D:4      | Reached XP level 7. HP: 60/60 MP: 6/6
  3340 | D:4      | Found a snail-covered altar of Cheibriados.
  3576 | D:4      | Reached skill level 5 in Fighting
  3598 | D:4      | Reached skill level 6 in Long Blades
  3608 | D:4      | Noticed Natasha
  3615 | D:4      | Killed Natasha
  3882 | D:5      | Entered Level 5 of the Dungeon
  4044 | D:5      | Found Yteomauc's Magic Scroll Boutique.
  4085 | D:5      | Bought a scroll of magic mapping for 49 gold pieces
  4085 | D:5      | Bought a scroll of teleportation for 42 gold pieces
  4085 | D:5      | Bought a scroll of blinking for 105 gold pieces
  4383 | D:6      | Found a shimmering blue altar of Sif Muna.
  4393 | D:6      | Noticed Edmund
  4414 | D:6      | Reached skill level 7 in Long Blades
  4419 | D:6      | Killed Edmund
  4419 | D:6      | Reached XP level 8. HP: 67/68 MP: 7/7
  4471 | D:6      | Found a shimmering altar of Xom.
  5082 | D:6      | Found a shimmering altar of Xom.
  5082 | D:6      | Found a shimmering altar of Xom.
  5083 | D:6      | Found a shimmering altar of Xom.
  5083 | D:6      | Found a shimmering altar of Xom.
  5083 | D:6      | Found a shimmering altar of Xom.
  5308 | D:6      | Found a hide-covered altar of Uskayaw.
  5368 | D:6      | Reached skill level 8 in Long Blades
  5511 | D:6      | Noticed Sigmund
  5517 | D:6      | Killed Sigmund
  5835 | D:7      | Found a shattered altar of Ashenzari.
  5894 | D:7      | Found an iron altar of Okawaru.
  5919 | D:7      | Became a worshipper of Warmaster Okawaru
  5998 | D:7      | Found Cheibriados's Comfort Zone.
  5998 | D:7      | Found a snail-covered altar of Cheibriados.
  6090 | D:7      | Reached skill level 9 in Long Blades
  6096 | D:7      | Found a staircase to the Ecumenical Temple.
  6116 | D:7      | Reached XP level 9. HP: 59/75 MP: 8/8
  6196 | D:7      | Noticed Joseph
  6209 | D:7      | Killed Joseph
  6209 | D:7      | Reached * piety under Okawaru
  6982 | D:8      | Reached skill level 10 in Long Blades
  6996 | D:8      | Found a stormy altar of Qazlal.
  7008 | D:8      | Noticed a centaur warrior
  7084 | D:8      | You fall into a shaft and drop 3 floors!
  7113 | D:11     | Reached ** piety under Okawaru
  7425 | D:11     | Found a staircase to the Orcish Mines.
  7542 | D:10     | Entered Level 10 of the Dungeon
  7542 | D:10     | Noticed Maurice
  7553 | D:10     | Killed Maurice
  7553 | D:10     | Reached skill level 11 in Long Blades
  7553 | D:10     | Reached XP level 10. HP: 48/84 MP: 8/10
  7629 | D:10     | Found a flagged portal.
  7697 | Bailey   | Entered a bailey
  7919 | Bailey   | Noticed an orc knight
  8055 | Bailey   | Killed an orc knight
  8055 | Bailey   | Reached *** piety under Okawaru
  8055 | Bailey   | Reached skill level 10 in Shields
  8120 | Bailey   | Got an ancient chain mail
  8131 | Bailey   | Identified the +8 chain mail of Disguise {rElec MR+ Int+2}
                  | (You found it in a bailey)
  9016 | D:10     | Noticed a gargoyle
  9023 | D:10     | Killed a gargoyle
  9516 | D:9      | Noticed Pikel
  9533 | D:9      | Killed Pikel
  9533 | D:9      | Reached skill level 12 in Long Blades
  9576 | D:9      | Reached **** piety under Okawaru
  9582 | D:9      | Identified the Volume of Blistering Snow
  9959 | D:9      | Found a staircase to the Lair.
  9979 | D:9      | Reached XP level 11. HP: 87/94 MP: 11/11
 10095 | D:9      | Reached skill level 1 in Invocations
 10634 | D:8      | Found a bloodstained altar of Trog.
 10638 | D:8      | Found a runed translucent gate.
 10640 | D:8      | Found a runed translucent gate.
 10641 | D:8      | Found a runed translucent gate.
 10644 | D:8      | Noticed 1994's ghost (novice HuSk)
 11044 | D:3      | Killed Sysandra's ghost
 11050 | D:3      | Killed sneaky's ghost
 11297 | D:11     | Noticed a brown ugly thing
 11310 | D:11     | Killed a brown ugly thing
 11310 | D:11     | Reached ***** piety under Okawaru
 11332 | D:11     | Received a gift from Okawaru
 11336 | D:11     | Killed a centaur warrior
 11632 | D:11     | Got a polished buckler {god gift}
 11638 | D:11     | Identified the +0 buckler of Cetrompoh {rF++ rC+ MR-}
                  | (Okawaru gifted it to you on level 11 of the Dungeon)
 11738 | D:11     | Found a white marble altar of Elyvilon.
 11780 | D:11     | Got a polished halberd
 11781 | D:11     | Identified the +9 halberd of Xyt Lom {freeze, rN+ Stlth+}
                  | (You found it on level 11 of the Dungeon)
 11784 | D:11     | Identified a scroll of acquirement
 11979 | D:11     | Noticed a death knight
 11980 | D:11     | Noticed a skeletal warrior
 12001 | D:11     | Noticed a skeletal warrior
 12005 | D:11     | Killed a death knight
 12413 | D:9      | Killed a skeletal warrior
 12413 | D:9      | Reached skill level 10 in Fighting
 12413 | D:9      | Reached skill level 13 in Long Blades
 12473 | D:11     | Killed a skeletal warrior
 12492 | D:11     | Noticed a two-headed ogre
 12507 | D:11     | Killed a two-headed ogre
 12543 | D:11     | Reached skill level 1 in Stealth
 12818 | Lair:1   | Entered Level 1 of the Lair of Beasts
 12831 | Lair:1   | Reached skill level 10 in Armour
 12872 | Lair:1   | Got a crude dagger
 12873 | Lair:1   | Identified the +4 dagger of Karma {pierce, Fragile rPois
                  | rF++ rN+++ Dex-4} (You found it on level 1 of the Lair of
                  | Beasts)
 12907 | Lair:1   | Reached XP level 12. HP: 34/107 MP: 13/13
 14039 | Lair:2   | Received a gift from Okawaru
 14096 | Lair:2   | Noticed a four-headed hydra
 14841 | Lair:2   | Slain by a four-headed hydra

Levels and vault maps discovered:
D:1:      dpeg_arrival_central, layout_basic
D:2:      layout_basic, kennysheep_vampire_church, first_ration,
          minmay_stone_trees_medium
D:3:      layout_loops_ring, overflow_temple_1_default, gammafunk_ghost_cemetery
D:4:      corexii_shantytown, layout_cave_pods, nicolae_overflow_crystal_walls,
          tso_altar, uniq_natasha
D:5:      layout_basic, serial_shops, nicolae_shop_waterfront,
          minmay_misc_feat_pillars
D:6:      layout_basic, lemuel_doored_altar, xom_redecorated,
          lemuel_round_altar, uniq_sigmund, uniq_edmund
D:7:      layout_cave_pods, cheibrodos_ashenzari_chains, okawaru_trees_2,
          minmay_temple_entry_butterflies, minmay_shop_chei, uniq_joseph
D:8:      layout_rooms, grunt_qazlal_sundering, gammafunk_ghost_necromancy,
          bloody_trog
D:9:      layout_basic, erik_lair_orcish_takeover, uniq_pikel
D:10:     layout_layer_cave, enter_bailey_3, hangedman_fish_farm, uniq_maurice
D:11:     layout_basic, david_orc_4, elyvilon_altar_5
Lair:1:   layout_roguey, st_stairs_6, minivault_23, serial_bayou_shore_a,
          grunt_megastairs_2, lemuel_fruit_tree
Lair:2:   layout_roguey

Skill      XL: |  1  2  3  4  5  6  7  8  9 10 11 |
---------------+----------------------------------+-----
Long Blades    | 3 4 5 7 9 11 12 13 | 13.9
Armour         | 4 5 6 7 8 9 10 | 10.7
Fighting       | 4 5 6 8 10 | 10.5
Shields        | 4 5 6 8 9 11 12 | 12.8
Dodging        | 1 2 3 4 |  4.3
Invocations    | 1 |  1.4
Stealth        | 1 |  1.4
Evocations     | |  0.3

Action                   |  1- 3 |  4- 6 |  7- 9 | 10-12 || total
-------------------------+-------+-------+-------+-------++-------
Melee: Long sword        |    97 |   171 |   355 |   616 ||  1239
       Headbutt          |    13 |    38 |    76 |   151 ||   278
       Whip              |       |       |       |    11 ||    11
Invok: Heroism           |       |       |     2 |     8 ||    10
Evoke: Wand              |       |       |     5 |     1 ||     6
  Use: Potion            |     2 |     2 |     1 |       ||     5
       Scroll            |       |     5 |     7 |     9 ||    21
  Eat: Ration            |       |     1 |     1 |     1 ||     3
       Chunk             |       |     5 |    11 |    19 ||    35
Armor: Scale mail        |    30 |       |       |       ||    30
       Chain mail        |    53 |    98 |   146 |   215 ||   512
       Plate armour      |       |       |    12 |    50 ||    62
Dodge: Dodged            |    31 |    58 |   105 |   195 ||   389
Block: Shield            |    76 |   101 |   221 |   172 ||   570
       Large shield      |       |       |       |   108 ||   108
       Buckler           |       |       |       |    81 ||    81
       Rpst.: Long sword |    10 |    16 |    33 |    35 ||    94
